Map: Triton LE

Players

HelloThere - Winner!

  • Race: Terran Terran
  • League: Master
  • Spawn Location: 5:00

Mez

  • Race: Terran Terran
  • League: Master
  • Spawn Location: 11:00

VOD

Have the link to the VOD?

Description

Time

  • Played on: Aug. 22, 2019, 1:34 p.m.
  • Length: 11:37
Show
View Real Time Build Order
Export as new Build Order

HelloThere Terran - Winner!

Build Orders: Gas First Reaper Expand 

Get SALT Encoding   

  12  0:00  SCV  
  13  0:12  SCV  
  14  0:18  Supply Depot  
  14  0:25  SCV  
  15  0:29  Refinery  
  15  0:39  SCV  
  16  0:44  Barracks  
  16  0:52  SCV  
  17  1:04  SCV  
  18  1:16  SCV  
  19  1:31  Orbital Command, Reaper  
  20  1:47  Command Center  
  20  1:58  Factory  
  20  2:01  SCV  
  20  2:06  Barracks Reactor  
  21  2:13  SCV  
  22  2:20  Supply Depot  
  22  2:22  Refinery  
  22  2:26  SCV  
  23  2:41  SCV  
  24  2:44  Marine x2  
  24  2:45  Hellion  
  24  2:49  Starport  
  28  2:56  SCV  
  29  3:01  Orbital Command  
  29  3:08  Marine, Factory Tech Lab  
  29  3:12  SCV  
  31  3:13  Marine  
  32  3:24  SCV  
  33  3:27  Starport Tech Lab  
  33  3:28  Cyclone  
  33  3:30  SCV  
  37  3:36  SCV  
  37  3:37  Marine x2  
  40  3:49  SCV x2  
  40  3:50  Supply Depot  
  40  3:53  Raven, Refinery  
  44  4:03  SCV  
  44  4:05  SCV  
  44  4:09  Supply Depot  
  46  4:15  SCV  
  46  4:16  Marine x2, Siege Tank  
  46  4:17  SCV  
  53  4:26  Supply Depot  
  53  4:27  SCV  
  53  4:30  SCV  
  54  4:39  SCV  
  54  4:41  Command Center  
  54  4:42  SCV  
  54  4:45  Marine x2, Raven  
  60  4:53  SCV  
  60  4:54  SCV  
  60  4:57  Supply Depot  
  62  5:00  Supply Depot, Refinery  
  62  5:01  Siege Tank  
  62  5:05  SCV  
  62  5:07  Marine x2, SCV  
  69  5:17  SCV  
  70  5:21  SCV  
  70  5:28  Supply Depot  
  71  5:32  SCV  
  71  5:34  SCV  
  73  5:40  Viking x2  
  73  5:41  Siege Tank  
  80  5:52  SCV  
  80  5:54  SCV, Orbital Command  
  80  5:55  Marine, Stimpack  
  83  6:08  SCV  
  84  6:12  Engineering Bay  
  84  6:13  Marine, Viking x2, Engineering Bay  
  84  6:15  Barracks x2  
  89  6:21  SCV  
  89  6:22  Siege Tank  
  93  6:30  SCV, Orbital Command  
  94  6:33  Marine, SCV  
  96  6:45  Viking x2  
  100  6:48  SCV  
  102  6:54  SCV  
  102  7:00  Orbital Command  
  102  7:02  SCV  
  102  7:07  SCV  
  104  7:12  Barracks Reactor x2, Terran Infantry Armor Level 1, Supply Depot x2, Terran Infantry Weapons Level 1  
  104  7:33  Marine, SCV  
  96  7:39  SCV  
  88  7:51  SCV, Orbital Command  
  88  7:52  Marine x4, Siege Tank  
  88  7:53  Marine  
  88  7:56  SCV  
  97  8:00  Viking x2  
  97  8:01  Barracks  
  97  8:02  Barracks  
  101  8:06  SCV  
  101  8:10  Marine x3, SCV  
  101  8:12  Marine x2  
  108  8:16  Combat Shield  
  108  8:18  SCV  
  109  8:21  SCV  
  109  8:22  SCV  
  109  8:23  Liberator  
  109  8:25  Supply Depot  
  109  8:26  Supply Depot  
  111  8:27  Armory  
  111  8:28  Marine x2  
  111  8:29  Factory  
  111  8:30  SCV  
  112  8:37  SCV  
  112  8:38  Marine  
  112  8:39  Marine  
  112  8:40  Viking  
  115  8:42  Marine  
  115  8:45  SCV  
  115  8:46  Marine  
  115  8:47  Marine, Siege Tank, SCV  
  123  8:49  SCV  
  125  8:57  SCV  
  126  9:05  Marine x2  
  123  9:10  Marine x2  
  123  9:14  Factory Tech Lab, Barracks Reactor x2, Terran Infantry Weapons Level 2  
  123  9:16  SCV x2  
  126  9:18  SCV, Refinery  
  126  9:19  Siege Tank  
  126  9:20  Terran Infantry Armor Level 2, Refinery  
  126  9:21  Marine  
  126  9:23  Marine x2  
  133  9:28  Marine  
  129  9:35  SCV  
  129  9:36  Marine  
  130  9:39  Marine  
  130  9:41  Marine x2, Siege Tank  
  130  9:42  SCV x2  
  138  9:47  SCV  
  138  9:48  Supply Depot  
  138  9:49  Supply Depot  
  138  9:51  Siege Tank  
  138  9:52  Marine  
  141  9:53  Marine x2  
  141  9:54  SCV x2  
  143  10:01  SCV  
  143  10:05  Marine x3  
  147  10:07  Marine x2  
  147  10:09  Marine  
  147  10:10  Marine  
  147  10:11  Marine x2  
  147  10:12  Medivac x2  
  156  10:16  Siege Tank  
  159  10:23  Marine x3  
  159  10:28  Marine x3  
  165  10:34  Command Center  
  165  10:35  Marine x2, Siege Tank, Supply Depot  
  165  10:37  Supply Depot  
  170  10:43  SCV  
  170  10:44  Marine, SCV  
  173  10:56  SCV  
  174  10:59  Supply Depot  
  159  11:10  Marine x4  
  148  11:12  Marine x4  
  148  11:16  SCV  
  159  11:21  Supply Depot  
  159  11:24  Barracks x2  
  160  11:26  Barracks  
Show
View Real Time Build Order
Export as new Build Order

Mez Terran 

Build Orders: Cyclone Opening 

Get SALT Encoding   

  12  0:00  SCV  
  13  0:12  SCV  
  14  0:17  Supply Depot  
  14  0:25  SCV  
  15  0:39  SCV  
  15  0:40  Barracks  
  16  0:45  Refinery  
  16  0:51  Refinery  
  16  0:53  SCV  
  17  1:05  SCV  
  18  1:18  SCV  
  19  1:29  Reaper  
  19  1:30  Orbital Command  
  20  1:38  Supply Depot  
  20  1:42  Factory  
  20  1:55  SCV  
  21  2:01  Reaper  
  22  2:08  SCV  
  23  2:21  Command Center  
  23  2:24  SCV  
  23  2:26  Factory Tech Lab  
  24  2:35  Barracks Reactor  
  24  2:38  SCV  
  25  2:46  Cyclone  
  25  2:50  SCV  
  29  2:52  Supply Depot  
  29  3:02  SCV  
  30  3:08  Starport  
  30  3:12  Marine  
  31  3:13  Marine  
  31  3:14  SCV  
  33  3:21  Cyclone  
  33  3:26  SCV  
  37  3:27  Refinery  
  37  3:32  Marine x2  
  39  3:35  Orbital Command  
  39  3:43  SCV  
  39  3:46  Starport Tech Lab  
  40  3:55  SCV  
  41  3:56  Marine, Siege Tank  
  41  3:57  Marine  
  41  4:01  SCV  
  47  4:07  SCV  
  48  4:11  Supply Depot  
  48  4:13  SCV  
  49  4:18  Raven  
  49  4:19  Marine, SCV  
  49  4:20  Marine  
  49  4:24  Supply Depot  
  54  4:33  SCV x2  
  59  4:38  Siege Tank  
  59  4:39  Supply Depot  
  59  4:41  Marine x2  
  61  4:47  SCV x2  
  63  5:02  SCV x2, Raven  
  63  5:04  Command Center  
  67  5:16  Barracks  
  67  5:17  Supply Depot  
  67  5:18  Barracks  
  67  5:20  Siege Tank  
  70  5:23  SCV x2  
  72  5:31  Refinery  
  72  5:35  SCV x2  
  74  5:42  Supply Depot  
  74  5:44  Engineering Bay  
  69  6:00  Engineering Bay  
  69  6:10  Barracks Reactor x2  
  69  6:11  Siege Tank  
  72  6:12  SCV x2, Viking x2  
  78  6:24  SCV x2  
  80  6:28  Supply Depot  
  80  6:29  Supply Depot  
  80  6:36  SCV x2  
  82  6:43  Viking x2  
  86  6:52  Marine x3  
  86  6:53  Marine x2  
  91  6:54  Siege Tank  
  91  7:10  Marine  
  91  7:12  Marine  
  91  7:13  Marine x3  
  91  7:14  SCV x2  
  91  7:15  Orbital Command  
  98  7:28  Marine  
  99  7:30  Marine x3  
  99  7:42  Marine  
  77  7:46  Marine  
  77  7:48  Marine x3  
  81  7:58  Barracks, Medivac x2  
  79  7:59  Barracks  
  79  8:00  Marine  
  79  8:01  Siege Tank  
  79  8:03  Marine  
  79  8:04  Terran Infantry Armor Level 1, Terran Infantry Weapons Level 1  
  84  8:06  SCV x3  
  84  8:10  Marine x2  
  89  8:18  SCV  
  90  8:20  Marine x2  
  90  8:21  Marine  
  90  8:23  SCV x2  
  95  8:28  Marine  
  95  8:30  SCV  
  97  8:36  Marine  
  97  8:38  Marine x2, Siege Tank  
  97  8:39  Marine  
  97  8:41  Medivac x2  
  97  8:42  SCV x2  
  97  8:43  SCV  
  97  8:45  Marine  
  97  8:47  Refinery  
  101  8:52  Stimpack  
  101  8:53  Barracks Reactor x2  
  101  8:54  Marine, SCV  
  103  8:55  Marine  
  103  8:56  Marine  
  103  8:59  Marine  
  103  9:01  SCV x2  
  102  9:13  Marine  
  102  9:14  Siege Tank  
  102  9:15  Medivac x2  
  102  9:16  SCV x2  
  111  9:18  Marine  
  111  9:19  Marine x3, Armory  
  111  9:20  Factory  
  115  9:31  Marine  
  116  9:36  Marine x6  
  116  9:37  Marine x2  
  122  9:46  Siege Tank  
  122  9:49  Marine  
  121  9:54  Marine x4  
  125  10:08  Marine x2  
  125  10:09  SCV  
  125  10:20  Supply Depot  
  125  10:21  Factory Tech Lab, Supply Depot x2  
  125  10:23  Supply Depot  
  125  10:24  Marine, Supply Depot  
  125  10:25  Marine  
  125  10:27  SCV  
  125  10:42  Marine x8, Siege Tank, Medivac x2  
  133  10:43  Marine  
  136  11:00  Marine  
  136  11:01  Marine x6  
  136  11:02  Marine x2  
  100  11:18  Marine, Refinery  
  103  11:23  Command Center  
  103  11:24  Barracks  
  103  11:25  Barracks  
  112  11:28  Barracks  
Tags
 
Add a new tag
Caveats
  • Supply blocks, unpowered buildings, or Contaminate may cause inaccurate times.
  • Supply counts are checked every 10 seconds.